[Event "Early-Titled-Tuesday-Blitz-April-23-2024"]
[Site "Chess.com"]
[Date "2024.04.23"]
[Round "1"]
[White "aval7an"]
[Black "Carow-Kann"]
[Result "0-1"]
[WhiteElo "2359"]
[BlackElo "2679"]
[TimeControl "180+1"]
[EndTime "8:07:23 PDT"]
[Termination "Carow-Kann won on time"]

1. d4 Nf6 2. c4 c5 3. d5 e6 4. Nc3 exd5 5. cxd5 d6 6. e4 g6 7. f4 Bg7 8. Bb5+ Nfd7 9. Bd3 O-O 10. Nf3 c4 11.
Bxc4 Qb6 12. Qe2 Re8 13. Be3 Nc5 14. O-O Nbd7 15. Qf2 Qb4 16. Nd2 Qxb2 17. Nb5 Nxe4 18. Rab1 Nxf2 19. Rxb2 Bxb2 20. Bxf2 Nb6 21. Nc7 Bf5 22.
Nxa8 Rxa8 23. Bb3 Rc8 24. h3 Rc1 25. g4 Bd3 26. Re1 Rxe1+ 27. Bxe1 Nd7 28. Kg2 Nc5 29. Bc4 Bc3 30. Bb3 a5 31. Kf3 a4 32. Bd1 b5 33. Ke3 b4 34. Bg3 Bxd2+ 35. Kxd2 Bc4 0-1

[Event "Early-Titled-Tuesday-Blitz-April-23-2024"]
[Site "Chess.com"]
[Date "2024.04.23"]
[Round "1"]
[White "ReadySkate"]
[Black "Attacker88"]
[Result "0-1"]
[WhiteElo "2644"]
[BlackElo "2371"]
[TimeControl "180+1"]
[EndTime "8:07:23 PDT"]
[Termination "Attacker88 won by checkmate"]

1. d4 Nf6 2. c4 e6 3. Nc3 Bb4 4. f3 c5 5. d5 O-O 6. e4 Re8 7.
Nh3 d6 8. Nf4 exd5 9. Nxd5 Nxd5 10. Qxd5 Nc6 11. Be3 Nd4 12. Bd3 Be6 13. Qh5 Qa5 14.
Bd2 b5 15. O-O bxc4 16. a3 cxd3 17. axb4 Qxb4 18. Rfd1 Qxb2 19. Kh1 Qb7 20. Qh4 Qc6 21. Qg3 Kh8 22. Be3 Nc2 23. Bf4 Nxa1 24. Rxa1 a5 25.
Bxd6 Red8 26. Be5 f6 27. Bf4 a4 28. e5 f5 29. h4 d2 30. h5 Rd3 31. h6 g6 32. Qg5 Qd7 33. Qf6+ Kg8 34. Nd1 Qf7 35. Qg5 c4 36. Bxd2 Rad8 37. Ra2 c3 38. Nxc3 Bxa2 39.
Nxa2 Rxd2 40. Nb4 R2d4 41. Nc6 Rd1+ 42. Kh2 Re8 43. Qf4 a3 44. Qa4 a2 45. Qxd1 Qe6 46.
Nb4 Qxe5+ 47. f4 a1=Q 48. Qb3+ Qe6 49. Qd3 Qaf6 50. Kh3 Qff7 51. Kh2 g5 52. Nc2 gxf4 53. Nd4 Qe5 54. Nf3 Qe4 55. Qc3 Qee6 56. Kg1 Qxh6 57.
Qc5 Qhg7 58. Qc6 Qfg6 59. Qd5+ Kh8 60. Nh4 Qg3 61. Qc6 Re1# 0-1

[Event "Early-Titled-Tuesday-Blitz-April-23-2024"]
[Site "Chess.com"]
[Date "2024.04.23"]
[Round "1"]
[White "WindWhistler11"]
[Black "Bauman_Guy"]
[Result "0-1"]
[WhiteElo "2520"]
[BlackElo "2920"]
[TimeControl "180+1"]
[EndTime "8:07:25 PDT"]
[Termination "Bauman_Guy won by resignation"]

1. Nf3 Nf6 2. g3 d5 3. Bg2 c6 4. c4 Bg4 5. b3 Nbd7 6. Bb2 e6 7.
h3 Bh5 8. d3 Bd6 9. Nbd2 O-O 10. g4 Bg6 11. Nh4 Re8 12. Nxg6 hxg6 13. e3 a5 14. a3 b5 15. Qc2 Qe7 16. O-O Be5 17. d4 Bd6 18. c5 Bc7 19. f4 Nh7 20. Rae1 g5 21. Bc1 Ndf6 22. Nf3 Ne4 23. Ne5 f6 24. Nxc6 Qd7 25. Bxe4 dxe4 26. Qxe4 Ra6 27. Ne5 fxe5 28. fxe5 Nf8 29. Rf2 Qd5 30. Qc2 Nd7 31. Bb2 a4 32. b4 Raa8 33. Qg6 Rf8 34. Ref1 Rxf2 35. Rxf2 Rf8 36.
Qxg5 Bd8 37. Rxf8+ Nxf8 38. Qf4 Bh4 39. e4 Qb3 40.
Bc1 Qxh3 41. d5 Ng6 42. Qf1 Qxg4+ 43. Qg2 Qd1+ 44. Qf1 Qd4+ 45. Kh2 Qxe5+ 46. Kh3 exd5 0-1

[Event "Early-Titled-Tuesday-Blitz-April-23-2024"]
[Site "Chess.com"]
[Date "2024.04.23"]
[Round "1"]
[White "Sokoloco"]
[Black "balack95"]
[Result "0-1"]
[WhiteElo "2754"]
[BlackElo "2458"]
[TimeControl "180+1"]
[EndTime "8:07:25 PDT"]
[Termination "balack95 won on time"]

1. b3 e5 2. Bb2 Nc6 3. e3 Nf6 4. Nf3 e4 5. Nd4 d5 6. c4 Nxd4 7. Bxd4 c5 8. Bxf6 Qxf6 9. Nc3 d4 10. Nxe4 Qg6 11. Ng3 Bd6 12. Be2 O-O 13. O-O f5 14.
exd4 cxd4 15. f4 Bc5 16. Bd3 Bd7 17. Qc2 h5 18. Rf2 h4 19. Nf1 Bc6 20. Re1 Rae8 21. Rxe8 Rxe8 22. Bxf5 d3 23. Bxg6 dxc2 24. Bxc2 Bxf2+ 25. Kxf2 b5 26. d4 bxc4 27. bxc4 Rb8 28. Bb3 Kf8 29.
d5 Be8 30. c5 a5 31. c6 Ke7 32.
Nd2 a4 33. Bc4 Rb2 34. Ke3 Bxc6 35. dxc6 Kd6 36. Kd3 Kxc6 37. g3 h3 38. Kc3 a3 39.
Bb3 Kd6 40. Kd3 Ke7 41. Ke3 Kf6 42. Ne4+ Kf5 43. Nd6+ Kf6 44. Ne4+ Kf5 45. Ng5 Rxb3+ 46. axb3 a2 47. Nf3 a1=Q 48. Nd4+ Kf6 49. g4 Qc3+ 50. Ke4 Qe1+ 51. Kf3 Qd1+ 52. Ke4 Qh1+ 53. Ke3 Qg1+ 54.
Ke4 Qxh2 55. g5+ Kg6 56. f5+ Kh5 57. f6 Qg2+ 58. Kf5 Qxg5+ 59. Ke4 gxf6 60. Nf5 Qxf5+ 0-1

[Event "Early-Titled-Tuesday-Blitz-April-23-2024"]
[Site "Chess.com"]
[Date "2024.04.23"]
[Round "1"]
[White "Hamisandwich"]
[Black "KanalSzachowy"]
[Result "1-0"]
[WhiteElo "2722"]
[BlackElo "2403"]
[TimeControl "180+1"]
[EndTime "8:07:26 PDT"]
[Termination "Hamisandwich won on time"]

1. a3 a6 2. c4 b5 3. cxb5 axb5 4. d4 Bb7 5. Nf3 g6 6. e3 Bg7 7. Bxb5 Nf6 8. O-O O-O 9. Nc3 d6 10. Qe2 c6 11. Bc4 Nbd7 12. b4 Nb6 13. Bd3 Re8 14. Bb2 e5 15. dxe5 dxe5 16. e4 Nh5 17. g3 Bc8 18. Nd2 Bh3 19. Rfd1 Qc8 20. Nc4 Nxc4 21.
Bxc4 Bg4 22. f3 Bh3 23. Rac1 Bh6 24. Rc2 Qb8 25. Qf2 Bf8 26. Bc1 Bd6 27. g4 Nf4 28.
Bxf4 exf4 29. Qh4 Qb6+ 30. Kh1 Rxa3 31. Qxh3 Bxb4 32. Ne2 Rxe4 33. Qf1 Ree3 34. Ng1 c5 35. Bd5 Qf6 36. Ra2 Rac3 37. Ra8+ Kg7 38. Ra7 Re7 39.
Rxe7 Qxe7 40. Be4 f5 41. gxf5 1-0

[Event "Early-Titled-Tuesday-Blitz-April-23-2024"]
[Site "Chess.com"]
[Date "2024.04.23"]
[Round "1"]
[White "KVAIDAN"]
[Black "IwkooO"]
[Result "0-1"]
[WhiteElo "2375"]
[BlackElo "2685"]
[TimeControl "180+1"]
[EndTime "8:07:26 PDT"]
[Termination "IwkooO won by resignation"]

1. f4 d5 2. Nf3 Nf6 3. e3 g6 4.
Be2 Bg7 5. O-O O-O 6. d3 Nbd7 7.
Ne5 c5 8. c3 e6 9. Nd2 Qc7 10.
Ndf3 b6 11. Qe1 Ba6 12. Bd2 Nxe5 13. fxe5 Nd7 14. d4 Bxe2 15. Qxe2 f6 16. c4 fxe5 17.
cxd5 exd5 18. e4 Rae8 19. dxe5 Nxe5 20. Nxe5 Rxf1+ 21. Qxf1 Bxe5 22. exd5 Bxh2+ 23. Kh1 Bg3 24. Bg5 Qe5 25. Qf6 Qxf6 26. Bxf6 Rf8 27. Be7 Rf5 28. Rd1 Rh5+ 29. Kg1 Bh2+ 30. Kf1 Rf5+ 31. Ke2 Re5+ 32. Kd3 Rxe7 33. Kc4 a6 34. a4 Bd6 35. b3 Kg7 36.
Rd3 Re4+ 37. Kc3 Kf6 38. Rf3+ Ke5 39. Rf7 Kxd5 40. Rxh7 Rg4 41. Rb7 Kc6 42. Ra7 Rg3+ 43. Kc2 Rxg2+ 44. Kc3 Rg3+ 45. Kc2 a5 46. Rf7 g5 47. Rf5 g4 48. Rg5 Rg1 49. Kc3 g3 50. b4 axb4+ 51. Kb3 g2 52. Ka2 c4 0-1

[Event "Early-Titled-Tuesday-Blitz-April-23-2024"]
[Site "Chess.com"]
[Date "2024.04.23"]
[Round "1"]
[White "Attacker_2006"]
[Black "rasmussvane"]
[Result "0-1"]
[WhiteElo "2535"]
[BlackElo "2972"]
[TimeControl "180+1"]
[EndTime "8:07:27 PDT"]
[Termination "rasmussvane won by checkmate"]

1. e4 c6 2. d4 d5 3. e5 Bf5 4. h4 h5 5. c4 e6 6. Nc3 Ne7 7. Nge2 Nd7 8. Bg5 Qb6 9. Ng3 Bg6 10. Rc1 Qxb2 11. Bd3 dxc4 12. Bxg6 Nxg6 13. O-O Nb6 14. f4 Bb4 15. Nce4 Ne7 16. Rf3 c3 17. Nd6+ Bxd6 18.
exd6 Ned5 19. f5 f6 20. Rf2 Qb4 21. fxe6 fxg5 22. d7+ Kd8 23. Nxh5 Qe7 24. Qg4 g6 25. Ng3 Rxh4 26. Qf3 Rf4 27. Qd3 Qxe6 28. Re2 Qxd7 29.
Qxg6 Kc7 30. Qxg5 Raf8 31. Ne4 Qf5 32. Qg7+ Rf7 33. Qg3 Qg4 34. Qd3 Qf5 35. Qc2 Rf1+ 36. Rxf1 Qxf1+ 37. Kh2 Rh7+ 38. Kg3 Qf4# 0-1

[Event "Early-Titled-Tuesday-Blitz-April-23-2024"]
[Site "Chess.com"]
[Date "2024.04.23"]
[Round "1"]
[White "erugee"]
[Black "Stanbad1"]
[Result "0-1"]
[WhiteElo "2309"]
[BlackElo "2638"]
[TimeControl "180+1"]
[EndTime "8:07:27 PDT"]
[Termination "Stanbad1 won by resignation"]

1. e4 e6 2. d3 d5 3. Nd2 c5 4. Ngf3 Nc6 5. g3 g6 6. Bg2 Bg7 7. O-O Nge7 8. Re1 O-O 9. c3 b6 10. exd5 exd5 11. Nb3 Re8 12. d4 c4 13. Nbd2 b5 14. Nf1 Bf5 15. Nh4 Be6 16. h3 Qd7 17. Kh2 b4 18. a3 bxc3 19. bxc3 Na5 20. Rb1 Nf5 21. Nf3 Nd6 22. Ne5 Qc8 23. Ne3 Ne4 24. Qc2 f6 25. Nf3 Nb3 26. Rxb3 cxb3 27. Qxb3 Qxc3 28. Qa4 Nxf2 29. Bd2 Qc7 30. Ba5 Qf7 31. Nd2 Ne4 32. Nxe4 dxe4 33. Bxe4 Bb3 34. Qc6 Rac8 35. Qb7 f5 36. Bg2 Bxd4 37. Bd2 Bxe3 38.
Rxe3 Qxb7 39. Bxb7 Rxe3 40. Bxe3 Rc2+ 41. Kg1 a5 42. h4 a4 43. Ba6 Rc3 44. Bf4 Bc4 45.
Bxc4+ Rxc4 46. Bd6 Kf7 47. Kg2 Ke6 48. Bf8 Kd5 49. Kf3 Ke5 50. Bg7+ Kd5 51. Bf8 Re4 52. Bg7 Kc4 53. Bf8 Kb3 54. Bd6 Rd4 55. Bf8 Rd3+ 56. Kf4 Kb2 57. Bd6 Rxd6 58. Kg5 Kxa3 0-1

[Event "Early-Titled-Tuesday-Blitz-April-23-2024"]
[Site "Chess.com"]
[Date "2024.04.23"]
[Round "1"]
[White "JSPrepz"]
[Black "whitemirrorninja"]
[Result "1-0"]
[WhiteElo "2803"]
[BlackElo "2455"]
[TimeControl "180+1"]
[EndTime "8:07:28 PDT"]
[Termination "JSPrepz won by resignation"]

1. e4 c5 2. Nf3 Nc6 3. b4 cxb4 4.
d4 e6 5. d5 Na5 6. a3 Nf6 7. d6 Nxe4 8. axb4 Nc6 9. b5 Nb8 10.
Bd3 Nxd6 11. Bb2 f6 12. O-O Nf7 13. c4 b6 14. Be4 d5 15. cxd5 Nd6 16. Bc2 e5 17.
Nxe5 fxe5 18. Qh5+ Nf7 19. Re1 Nd7 20. Bxe5 Bb4 21. Bc3+ Be7 22. d6 g6 23. Qd5 Bb7 24.
Qxb7 Nxd6 25. Qd5 Rf8 26. Qxd6 Nf6 27. Qc6+ Kf7 28. Bb3+ Kg7 29. Nd2 Rc8 30. Qf3 Rc5 31.
Ne4 Rf5 32. Qh3 Qc7 33. g4 Rf4 34. g5 h5 35. gxf6+ Bxf6 36. Bxf6+ R8xf6 37. Nxf6 Kxf6 38. Rad1 Qc5 39. Qe6+ Kg5 40. Rd5+ Rf5 41. Rxc5 Rxc5 42. Re5+ Rxe5 43. Qxe5+ Kh6 44. h4 Kh7 45. Qe7+ Kh8 46. Qf8+ Kh7 47. Qg8+ 1-0

[Event "Early-Titled-Tuesday-Blitz-April-23-2024"]
[Site "Chess.com"]
[Date "2024.04.23"]
[Round "1"]
[White "ReinisUz"]
[Black "CarlosjPineror"]
[Result "1-0"]
[WhiteElo "2467"]
[BlackElo "2765"]
[TimeControl "180+1"]
[EndTime "8:07:28 PDT"]
[Termination "ReinisUz won by resignation"]

1. c4 Nf6 2. Nc3 c5 3. g3 e6 4. Bg2 Be7 5. e4 Nc6 6. Nge2 O-O 7. O-O d6 8. d3 Rb8 9. h3 a6 10. a4 Ne8 11. f4 Nc7 12. Kh2 b5 13. axb5 axb5 14.
e5 Nd4 15. exd6 Bxd6 16. Nxd4 cxd4 17. Ne4 Be7 18. b3 Bb7 19. Qc2 bxc4 20. bxc4 Na6 21.
Ba3 Nb4 22. Bxb4 Bxb4 23. Rab1 Bxe4 24. Bxe4 Bc3 25. Rxb8 Qxb8 26. Rb1 Qd6 27. Qe2 g6 28. Bg2 h5 29. Qe4 h4 30. gxh4 Bd2 31. Kg3 Be3 32. Rb5 Kg7 33. Qe5+ Qxe5 34. Rxe5 Rb8 35. h5 gxh5 36.
Rxh5 Rb2 37. f5 exf5 38. Rxf5 Rd2 39. Be4 f6 40. c5 Rc2 41. c6 Kf7 42. Rd5 Ke6 43.
Rh5 Bf2+ 44. Kg4 Be3 45. Rh7 Rc1 46. c7 Kd6 47. Rf7 Rxc7 48. Rxf6+ Ke5 49. Rf5+ Ke6 50. h4 Rg7+ 51. Kh3 Ra7 52. Rb5 Kf6 53. Rb6+ Kg7 54. h5 Ra1 55. Rg6+ Kf7 56. Bd5+ Kf8 57. h6 Ra7 58. Rg8+ 1-0

[Event "Early-Titled-Tuesday-Blitz-April-23-2024"]
[Site "Chess.com"]
[Date "2024.04.23"]
[Round "1"]
[White "grzechu96"]
[Black "Cheer_Down"]
[Result "1-0"]
[WhiteElo "2784"]
[BlackElo "2451"]
[TimeControl "180+1"]
[EndTime "8:07:30 PDT"]
[Termination "grzechu96 won by resignation"]

1. e4 e5 2. Nf3 Nc6 3. Bc4 Nf6 4.
d3 Bc5 5. O-O O-O 6. h3 h6 7. c3 d6 8. Bb3 a6 9. Re1 Ba7 10.
Nbd2 Re8 11. Nf1 Be6 12. Bc2 d5 13. exd5 Bxd5 14. Ng3 Bc5 15. b4 Bf8 16. a4 b5 17.
Bb2 g6 18. Nd2 Be6 19. Nb3 Nd7 20. Qf3 Ne7 21. Ne4 Nd5 22. Nec5 Nxc5 23. Nxc5 Bxc5 24. bxc5 c6 25. Rxe5 b4 26. c4 Nc3 27. Rae1 a5 28.
Qe3 Kg7 29. d4 Bd7 30. Bxc3 bxc3 31. Qxc3 Rxe5 32. Rxe5 Qf6 33. Qe3 Rb8 34. Be4 Rb2 35. Bf3 Be6 36. d5 cxd5 37. cxd5 Bc8 38. d6 Bd7 39. Re7 Rb1+ 40. Kh2 Rb4 41. Rxd7 1-0

[Event "Early-Titled-Tuesday-Blitz-April-23-2024"]
[Site "Chess.com"]
[Date "2024.04.23"]
[Round "1"]
[White "CMButgood"]
[Black "Bykov_Egor"]
[Result "0-1"]
[WhiteElo "2155"]
[BlackElo "2603"]
[TimeControl "180+1"]
[EndTime "8:07:30 PDT"]
[Termination "Bykov_Egor won by checkmate"]

1. e4 c6 2. d4 d5 3. e5 Bf5 4. Nd2 e6 5. Nb3 Nd7 6. Nf3 h6 7. Be2 Ne7 8. O-O g5 9. Ne1 f6 10. Bh5+ Bg6 11. Bxg6+ Nxg6 12. Qh5 Kf7 13. f4 gxf4 14.
exf6 Nxf6 15. Rxf4 Bd6 16. Rf1 Kg7 17. Qe2 Qe7 18. Nd3 Raf8 19. Nbc5 e5 20. dxe5 Nxe5 21. Nxe5 Bxe5 22. Kh1 Re8 23. Nd3 Bd6 24. Qxe7+ Rxe7 25. b3 Rf8 26. Bb2 Re4 27. Rxf6 Rxf6 28. Rf1 d4 29.
Rd1 Kg6 30. c3 c5 31. cxd4 cxd4 32. Kg1 b6 33. Nf2 Bxh2+ 34. Kxh2 Rxf2 35. Bxd4 Rxa2 36.
b4 Ree2 37. Bg1 Rxg2+ 38. Kh1 Rg5 39. Rd6+ Kh5 40. Rd7 Ra1 41. Rxa7 Raxg1+ 42. Kh2 R1g2+ 43. Kh3 R5g3# 0-1

[Event "Early-Titled-Tuesday-Blitz-April-23-2024"]
[Site "Chess.com"]
[Date "2024.04.23"]
[Round "1"]
[White "SirStrateg"]
[Black "Matols"]
[Result "1-0"]
[WhiteElo "2665"]
[BlackElo "2358"]
[TimeControl "180+1"]
[EndTime "8:07:31 PDT"]
[Termination "SirStrateg won by resignation"]

1. d4 d5 2. Bf4 Nf6 3. e3 c5 4. c3 Nc6 5. Nd2 Bg4 6. Ngf3 e6 7.
h3 Bxf3 8. Nxf3 Bd6 9. Bxd6 Qxd6 10. Bb5 O-O 11. O-O a6 12. Bxc6 Qxc6 13. Ne5 Qd6 14. f4 Ne4 15. a4 cxd4 16. exd4 f5 17. a5 Rac8 18. Rf3 Qd8 19. Qa4 Rc7 20. Rd3 Qh4 21. Rf1 Ng3 22. Rf2 Ne4 23. Rf1 Ng3 24.
Re1 Qxf4 25. Nf3 Ne4 26. Qb4 Qg3 27. Re2 Qf4 28. Rd1 h5 29. Ne5 Qh6 30. Qb6 Re7 31.
Qb4 Rfe8 32. h4 Qf6 33. Nf3 f4 34. Rde1 Qf5 35. Qb6 Rf8 36. Kh2 Kh7 37. Rxe4 dxe4 38. Rxe4 Rf6 39. Re5 Qg4 40. Rg5 e5 41. Qd8 Qd7 42.
Rxh5+ Kg6 43. Nxe5+ Rxe5 44. Qxd7 Rxh5 45. Qxb7 Rxh4+ 46. Kg1 Re6 47. Kf2 Rg4 48. Qf3 Kf5 49.
Qd5+ 1-0

[Event "Early-Titled-Tuesday-Blitz-April-23-2024"]
[Site "Chess.com"]
[Date "2024.04.23"]
[Round "1"]
[White "MIss_MIaMI"]
[Black "Smoking_Crow"]
[Result "0-1"]
[WhiteElo "2357"]
[BlackElo "2663"]
[TimeControl "180+1"]
[EndTime "8:07:31 PDT"]
[Termination "Smoking_Crow won by checkmate"]

1. e4 c5 2. Nf3 d6 3. d4 cxd4 4. c3 dxc3 5. Nxc3 Nc6 6. Bc4 e6 7.
O-O Nge7 8. Bf4 Ng6 9. Bg3 a6 10. Qe2 Be7 11. Rfd1 e5 12. h4 Bg4 13. Nd5 Nd4 14. Rxd4 exd4 15. Qd3 Bxf3 16. Qxf3 O-O 17. h5 Ne5 18. Bxe5 dxe5 19. Qg3 Bf6 20. Re1 h6 21.
Bb3 Re8 22. Nb4 Bg5 23. Nd3 Qf6 24. Bd5 Rac8 25. Bxb7 Rc2 26. Bd5 Rec8 27. Bb3 Rd2 28. Rf1 Bf4 29. Qg4 Rd8 30. Nb4 Rxb2 31. Nd5 Qg5 32.
Qh3 Kh8 33. Qd3 Rc8 34. g3 a5 35.
Qf3 Ra8 36. Ba4 Rxa2 37. Bc6 Rc8 38. Bb7 Rb8 39. Bc6 Rc2 40. Ba4 Ra2 41. Bc6 a4 42.
Nxf4 exf4 43. Qxf4 Qxf4 44. gxf4 d3 45. Bd5 Rab2 46.
Rd1 d2 47. Bxf7 a3 48. Kf1 a2 49. Bxa2 Rxa2 50. Ke2 Rb4 51. f3 Rb3 52. f5 Kg8 53. e5 Kf7 54. f4 Rc3 55. Rxd2 Rxd2+ 56. Kxd2 Rh3 57. Ke2 Rxh5 58. Ke3 Rxf5 59. Ke4 Ke6 60. Kf3 g6 61. Ke3 h5 62. Ke4 h4 63. Kf3 g5 64.
Kg4 Rxf4+ 65. Kxg5 h3 66. Kxf4 h2 67. Kg3 h1=Q 68.
Kf2 Qh3 69. Kg1 Qf3 70. Kh2 Qg4 71. Kh1 Kxe5 72. Kh2 Ke4 73. Kh1 Kf3 74. Kh2 Qg2# 0-1

[Event "Early-Titled-Tuesday-Blitz-April-23-2024"]
[Site "Chess.com"]
[Date "2024.04.23"]
[Round "1"]
[White "BigAl"]
[Black "h4parah5"]
[Result "0-1"]
[WhiteElo "2542"]
[BlackElo "3031"]
[TimeControl "180+1"]
[EndTime "8:07:34 PDT"]
[Termination "h4parah5 won by resignation"]

1. Nf3 c5 2. g3 Nc6 3. Bg2 g6 4.
O-O Bg7 5. d3 d6 6. c4 Bf5 7.
Nc3 Qd7 8. Nd5 Rc8 9. Rb1 Nf6 10. Nxf6+ Bxf6 11. Bh6 Bh3 12. a3 a5 13. Qd2 Qg4 14.
Rfe1 Rg8 15. Bg5 Bxg5 16. Nxg5 Bxg2 17. Kxg2 h5 18. h3 Qd7 19. h4 f6 20. Nf3 Kf7 21. Rh1 Rb8 22. d4 cxd4 23. Nxd4 a4 24. Nf3 Qe6 25. Rbc1 Rgc8 26. Rhd1 Qe4 27. Qd5+ Qxd5 28. cxd5 Na5 29. Nd4 Nc4 30. Rc2 Rc5 31. Rdc1 Rbc8 32. Kg1 Nxb2 33. Rxb2 Rxc1+ 34. Kg2 R1c5 35. e4 Rc4 36. Ne6 Rxe4 37. Rxb7 Rc3 38. Nd8+ Ke8 39. Ne6 Kf7 40. Ra7 Rxa3 41. Nd8+ Kf8 42. Ra8 Kg7 43.
Ra7 f5 44. Nc6 Kf6 45. Ra8 Ra2 46. Rf8+ Kg7 47. Re8 Ree2 48. Nxe7 Kf7 0-1

[Event "Early-Titled-Tuesday-Blitz-April-23-2024"]
[Site "Chess.com"]
[Date "2024.04.23"]
[Round "1"]
[White "GMAneta"]
[Black "starworld123"]
[Result "0-1"]
[WhiteElo "2489"]
[BlackElo "2866"]
[TimeControl "180+1"]
[EndTime "8:07:34 PDT"]
[Termination "starworld123 won by resignation"]

1. Nf3 d5 2. d4 Nf6 3. c4 c6 4. Nc3 g6 5. Bf4 Bg7 6. e3 O-O 7. Qb3 b6 8. Rc1 Bb7 9. h3 e6 10. Be2 Nbd7 11. O-O Re8 12. Rfd1 Qe7 13. a4 a5 14. c5 Qd8 15. Nb1 Ba6 16. Bxa6 Rxa6 17.
cxb6 Rxb6 18. Qc2 Qa8 19. Nbd2 Rc8 20. Nb3 Ne4 21. Nfd2 Nxd2 22. Rxd2 Rb4 23. Ra1 c5 24. Nxc5 Nxc5 25. dxc5 Rxb2 26. Qxb2 Bxb2 27. Rxb2 Qa6 28. Be5 Qc4 29. Rb5 Rxc5 30. Rb8+ Rc8 31. Rab1 Rf8 32. Bf6 Qc7 33. Rxf8+ Kxf8 34. f4 Ke8 35. Kh2 h6 36. h4 Kd7 37. Be5 Qc6 38. Rb5 g5 39. fxg5 hxg5 40.
h5 d4 41. exd4 Qc2 42. Rxa5 Qh7 43. g4 Qc2+ 44. Kh3 Qc3+ 45. Kg2 Qxa5 46. h6 Qxa4 47.
Kg3 Qc2 48. Bg7 Qd3+ 49. Kf2 Kc6 50. Kg2 Kd5 51. Kf2 Qg6 52. Kg2 Ke4 53. Kf2 f5 54.
gxf5 exf5 55. Ke2 f4 56. Kf2 g4 0-1

[Event "Early-Titled-Tuesday-Blitz-April-23-2024"]
[Site "Chess.com"]
[Date "2024.04.23"]
[Round "1"]
[White "ashookk"]
[Black "Airquake"]
[Result "0-1"]
[WhiteElo "2341"]
[BlackElo "2651"]
[TimeControl "180+1"]
[EndTime "8:07:34 PDT"]
[Termination "Airquake won on time"]

1. Nf3 c5 2. c4 g6 3. d4 cxd4 4. Nxd4 Bg7 5. e4 d6 6. Nc3 Nf6 7. Be2 O-O 8. Be3 Nc6 9. O-O Bd7 10. Qd2 a6 11. f3 Rc8 12. Rfd1 Qc7 13. Rac1 Qb8 14.
Kh1 Nxd4 15. Bxd4 b5 16. Bxf6 Bxf6 17. Nd5 bxc4 18. Nxf6+ exf6 19. Bxc4 Rc6 20. Bd5 Rb6 21. b3 Kg7 22. Rc3 h5 23. Rdc1 Rc8 24. Rxc8 Bxc8 25.
Qd4 Bd7 26. h4 a5 27. Qc3 a4 28. Qc7 Be8 29. Qe7 axb3 30. axb3 Ra6 31. Kh2 Ra7 32. Rc8 Qxc8 33. Qxa7 Kf8 34. Qd4 Ke7 35. Qc4 Qb8 36. b4 Bb5 37. Qd4 Bd7 38. Qc4 f5 39. exf5 Bxf5 40. g3 Qb6 41. Kg2 Qe3 42. Be4 Qd2+ 43.
Kg1 Bh3 0-1

[Event "Early-Titled-Tuesday-Blitz-April-23-2024"]
[Site "Chess.com"]
[Date "2024.04.23"]
[Round "1"]
[White "HZMC92"]
[Black "GalaxyRoman"]
[Result "1-0"]
[WhiteElo "2494"]
[BlackElo "2789"]
[TimeControl "180+1"]
[EndTime "8:07:35 PDT"]
[Termination "HZMC92 won by checkmate"]

1. d4 Nf6 2. c4 e6 3. Nf3 b6 4. a3 Bb7 5. Nc3 Be7 6. Bg5 O-O 7. Qc2 d6 8. e3 Nbd7 9. Be2 h6 10. Bh4 Re8 11.
O-O a6 12. Rfd1 Nf8 13. b4 Ng6 14. Bg3 Nh5 15. c5 Nxg3 16. hxg3 Qc8 17. Na4 b5 18. Nc3 Bc6 19. d5 exd5 20. Nxd5 Bxd5 21. Rxd5 dxc5 22. bxc5 Qe6 23. Rad1 Rad8 24. Rxd8 Rxd8 25. Rxd8+ Bxd8 26. Nd4 Qd7 27. a4 bxa4 28. Bxa6 Bf6 29. Bb5 Qd5 30. Bc4 Qh5 31. Qxa4 Ne5 32. Be2 Qg6 33. Qb3 Kh7 34. Bd1 Kg8 35. Qb8+ Kh7 36. Bc2 Nd3 37.
Qb3 Bxd4 38. Bxd3 f5 39. exd4 Qf6 40. Qd5 g6 41. Qe5 Qd8 42. Bc4 h5 43. d5 Qg5 44.
d6 cxd6 45. cxd6 Qc1+ 46. Bf1 Qd2 47. Qe7+ Kh6 48. d7 f4 49. d8=Q Qc1 50. Qh8# 1-0

[Event "Early-Titled-Tuesday-Blitz-April-23-2024"]
[Site "Chess.com"]
[Date "2024.04.23"]
[Round "1"]
[White "LionKing2367890"]
[Black "viktorskliarov"]
[Result "1/2-1/2"]
[WhiteElo "2228"]
[BlackElo "2604"]
[TimeControl "180+1"]
[EndTime "8:07:35 PDT"]
[Termination "Game drawn by repetition"]

1. e4 c5 2. Nf3 Nc6 3. d4 cxd4 4. Nxd4 Nf6 5. f3 d5 6. Nxc6 bxc6 7. e5 Nd7 8. f4 e6 9. Bd3 Nc5 10. O-O Nxd3 11.
cxd3 c5 12. Nc3 Be7 13. Qf3 g6 14. Bd2 h5 15. a4 a6 16. a5 Bd7 17. Na4 Bb5 18.
Nb6 Ra7 19. Rfc1 Kf8 20. b4 Rc7 21. bxc5 Rxc5 22. d4 Rxc1+ 23. Rxc1 Kg7 24. Rc8 Qxc8 25. Nxc8 Rxc8 26. f5 gxf5 27. Qxh5 Rh8 28. Qf3 Rc8 29. Qh3 Rh8 30. Qg3+ Kf8 31. Bg5 Bc4 32. Bxe7+ Kxe7 33. Qg5+ Ke8 34. Qg7 Rh5 35. Qg8+ Ke7 36. Qc8 f4 37. Qc7+ Kf8 38. Qd8+ Kg7 39. Qf6+ Kf8 40. Qxf4 Rf5 41. Qh6+ Ke7 42. Qh4+ Kd7 43. g4 Rf1+ 44. Kg2 Rd1 45.
Qf6 Ke8 46. Qh8+ Ke7 47. Qf6+ Ke8 48. Qh8+ Ke7 49. Qf6+ Ke8 1/2-1/2

[Event "Early-Titled-Tuesday-Blitz-April-23-2024"]
[Site "Chess.com"]
[Date "2024.04.23"]
[Round "1"]
[White "ATM622"]
[Black "Mikhail_Bryakin"]
[Result "0-1"]
[WhiteElo "2490"]
[BlackElo "2866"]
[TimeControl "180+1"]
[EndTime "8:07:36 PDT"]
[Termination "Mikhail_Bryakin won by resignation"]

1. d4 g6 2. c4 Bg7 3. Nf3 c5 4. d5 d6 5. g3 e6 6. Bg2 exd5 7. cxd5 Nf6 8. O-O O-O 9. Nc3 Re8 10. Nd2 Na6 11.
Nc4 Nc7 12. a4 b6 13. Bf4 Bf8 14. e4 Ba6 15. b3 Nh5 16. Be3 Bg7 17. Rc1 Qd7 18.
Re1 Bxc4 19. bxc4 Na6 20. Bf3 Nf6 21. Bf4 h6 22. e5 dxe5 23. Bxe5 Nh7 24. Bxg7 Kxg7 25.
Qd2 Ng5 26. Bg2 Nb4 27. h4 Nh7 28. Ne4 Rad8 29. Re3 f5 30. Qc3+ Kf7 31. h5 Na2 32.
hxg6+ Kxg6 33. Qc2 Nxc1 34. Bh3 Ng5 35. Nxg5 hxg5 36.
Qxc1 Rxe3 37. Qxe3 Re8 38. Qd3 Kf6 39. Qc3+ Kf7 40.
Qd3 g4 41. Bxg4 Re1+ 42. Kg2 fxg4 43. Qh7+ Ke8 44. Qg8+ Ke7 45. Qg5+ Kf7 46. Qh5+ Kg8 47. Qg5+ Kf8 48. Qh6+ Qg7 49. Qd6+ Qe7 50. Qh6+ Ke8 51.
Qh5+ Kd8 52. Qxg4 Qe4+ 53. Qxe4 Rxe4 0-1

[Event "Early-Titled-Tuesday-Blitz-April-23-2024"]
[Site "Chess.com"]
[Date "2024.04.23"]
[Round "1"]
[White "MKlose11"]
[Black "Karina_Ivanova"]
[Result "1-0"]
[WhiteElo "2624"]
[BlackElo "2284"]
[TimeControl "180+1"]
[EndTime "8:07:36 PDT"]
[Termination "MKlose11 won by checkmate"]

1. e4 c6 2. Nc3 d5 3. g3 dxe4 4.
Nxe4 Nf6 5. Qe2 Nxe4 6. Qxe4 Nd7 7. Bg2 Nf6 8. Qe2 Bf5 9. d3 e6 10. Nf3 Be7 11. O-O O-O 12. d4 a5 13. c3 a4 14.
Bg5 h6 15. Bxf6 Bxf6 16. Ne5 Qc7 17. Rfe1 Rfd8 18. a3 Rd6 19. h4 Bh7 20. Nc4 Rd7 21. Ne5 Rd6 22. Ng4 Be7 23. f4 c5 24. dxc5 Qxc5+ 25. Kh2 Qc7 26. Ne5 Bf6 27. Rad1 Rad8 28. Ng4 Be7 29.
Rxd6 Rxd6 30. Rd1 Rxd1 31. Qxd1 Bf5 32. Ne3 b5 33. Nxf5 exf5 34. Qd5 Qc5 35. Qc6 g6 36. h5 Kg7 37. hxg6 fxg6 38. Bf3 Qf2+ 39. Kh3 Qf1+ 40. Bg2 Qe2 41. Bf3 Qf1+ 42. Kh2 Qf2+ 43. Bg2 Qxb2 44. Qe6 Qxa3 45. Bd5 Qb2+ 46. Kh3 g5 47. Qf7+ Kh8 48.
Qg8# 1-0

[Event "Early-Titled-Tuesday-Blitz-April-23-2024"]
[Site "Chess.com"]
[Date "2024.04.23"]
[Round "1"]
[White "PonyQueen07"]
[Black "koncheto"]
[Result "0-1"]
[WhiteElo "2198"]
[BlackElo "2607"]
[TimeControl "180+1"]
[EndTime "8:07:36 PDT"]
[Termination "koncheto won by checkmate"]

1. c4 Nf6 2. Nc3 e6 3. e4 d5 4. e5 d4 5. exf6 dxc3 6. bxc3 Qxf6 7. Nf3 h6 8. d4 b6 9. Be2 Bb7 10. O-O Qd8 11. Bf4 Bd6 12. Bxd6 Qxd6 13. Rb1 c5 14. Ne5 O-O 15. Bf3 Nc6 16. Nxc6 Bxc6 17. Bxc6 Qxc6 18.
d5 Qd7 19. Qf3 exd5 20. cxd5 Qa4 21. Rb2 Rad8 22. Rd2 Rd6 23. h3 Re8 24. Rfd1 Re5 25. Qg3 Qe4 26. f3 Qe3+ 27. Qf2 Qxc3 28. Kh2 Qc4 29.
Qg3 Rdxd5 30. Rxd5 Rxd5 31. Qb8+ Kh7 32. Rxd5 Qxd5 33. Qxa7 b5 34. Qa3 c4 35. Qb4 Qe5+ 36.
Kg1 c3 37. Qb1+ g6 38. Qc2 Qe1+ 39. Kh2 Qd2 40. Qb3 Kg8 41. Qxb5 Qf4+ 42. Kg1 c2 43.
Qb8+ Qxb8 44. a4 c1=Q+ 45. Kf2 Qbf4 46. Ke2 Qfe3# 0-1